 Dungeon Crawl Stone Soup version 0.27-b1-42-g19c61b19a5 (webtiles) character file.

Game seed: 17482109601816846139

39298 shadowrider38 the Severer (level 13, -4/116 HPs)
             Began as a Minotaur Berserker on July 29, 2021.
             Was a High Priest of Trog.
             Killed from afar by a starcursed mass (8 damage)
             ... with an accursed screaming
             ... on level 1 of the Abyss on July 30, 2021.
             The game lasted 01:42:48 (16487 turns).

shadowrider38 the Severer (Minotaur Berserker)     Turns: 16487, Time: 01:42:48

Health: -4/116     AC: 26    Str: 23    XL:     13   Next: 68%
Magic:  4/4        EV:  9    Int:  6    God:    Trog [*****.]
Gold:   1026       SH:  0    Dex: 12    Spells: 12/12 levels left

rFire    . . .     SeeInvis .   a - +7 executioner's axe (antimagic)
rCold    . . .     Faith    +   (shield currently unavailable)
rNeg     . . .     Spirit   .   R - +4 plate armour
rPois    +         Reflect  .   (helmet restricted)
rElec    .         Harm     .   (no cloak)
rCorr    .         Rampage  .   E - +2 pair of gloves
Will     +....                  e - +2 pair of boots
Stlth    ..........             L - amulet of faith
HPRegen  0.29/turn              T - ring of poison resistance
MPRegen  0.09/turn              h - ring of willpower

@: no status effects
A: horns 2, retaliatory headbutt
a: Renounce Religion, Berserk, Trog's Hand, Brothers in Arms


You were on level 1 of the Abyss.
You worshipped Trog.
Trog was extremely pleased with you.
You visited 2 branches of the dungeon, and saw 14 of its levels.
You visited the Abyss 1 time.

You collected 1026 gold pieces.

Inventory:

Hand Weapons
 a - a +7 antimagic executioner's axe (weapon)
 g - a +4 battleaxe of flaming
 W - a +3 broad axe
 Y - a +2 glaive of flaming
 Z - the +8 arbalest "Ytiumippay" {penet, rElec rPois Str-3}
   (You found it on level 2 of the Lair of Beasts)

   Any ammunition fired by it passes through the targets it hits, potentially
   hitting all targets in its path until it reaches maximum range.
   Str:       It affects your strength (-3).
   rElec:     It insulates you from electricity.
   rPois:     It protects you from poison.
Missiles
 M - 4 throwing nets (quivered)
 P - 77 arrows
Armour
 e - a +2 pair of boots (worn)
 E - a +2 pair of gloves (worn)
 G - a +2 plate armour of cold resistance
 O - +0 storm dragon scales
 R - a +4 plate armour (worn)
 X - +0 steam dragon scales
Jewellery
 h - a ring of willpower (right hand)
 j - a ring of positive energy
 o - a ring of flight
 C - a +4 ring of evasion
 F - an amulet of magic regeneration
 L - an amulet of faith (around neck)
 T - a ring of poison resistance (left hand)
 U - an amulet of regeneration
Wands
 b - a wand of charming (8)
 v - a wand of polymorph (7)
 y - a wand of acid (5)
 K - a wand of digging (3)
 N - a wand of flame (36)
Scrolls
 d - a scroll of acquirement {unknown}
 f - 3 scrolls of fog
 i - 2 scrolls of immolation {unknown}
 k - a scroll of enchant weapon {unknown}
 n - 3 scrolls of noise {unknown}
 r - 2 scrolls of torment {unknown}
 s - 4 scrolls of teleportation {unknown}
 t - 2 scrolls of holy word {unknown}
 x - 2 scrolls of fear {unknown}
 H - a scroll of enchant armour
 I - 2 scrolls of amnesia {unknown}
 J - 3 scrolls of magic mapping {unknown}
 Q - a scroll of blinking {unknown}
Potions
 c - 2 potions of flight {unknown}
 l - 3 potions of curing
 m - a potion of mutation {unknown}
 p - 5 potions of brilliance {unknown}
 q - 2 potions of degeneration
 u - 5 potions of ambrosia {unknown}
 w - 3 potions of heal wounds {unknown}
 z - a potion of attraction {unknown}
 A - 2 potions of lignification
 B - a potion of resistance
 D - a potion of invisibility
 S - a potion of cancellation {unknown}
 V - a potion of haste {unknown}


   Skills:
 - Level 11.6 Fighting
 + Level 20.7 Axes
 - Level 11.4 Armour
 + Level 6.2 Dodging
 - Level 1.0 Stealth
 - Level 3.1 Shields


You had 12 spell levels left.
You didn't know any spells.
Your spell library was empty.

Dungeon Overview and Level Annotations

Branches:
Dungeon (9/15)             Temple (0/1) D:6            Lair (5/6) D:9
  Swamp (0/4) Lair:3       Spider (0/4) Lair:3        Slime (0/5) Lair:5
    Orc (0/2) D:9

Altars:
Ashenzari
Elyvilon
Hepliaklqana
Kikubaaqudgha
Nemelex Xobeh
Okawaru
Trog
Zin

Shops:
D:5 =

Annotations:
Lair:5 Sonja


Innate Abilities, Weirdness & Mutations

You have a pair of horns on your head.
You reflexively headbutt those who attack you in melee.


Message History

You kill the raiju!
Trog accepts your kill.
Things that are here:
a raiju corpse; a raiju corpse; a raiju corpse A starcursed mass comes into view.
A starcursed mass is nearby!
A starcursed mass is nearby!
A starcursed mass splits.
There are monsters nearby!
A starcursed mass splits.
A chorus of shrieks assaults your mind.
A ynoxinul comes into view.
A starcursed mass splits. x2
You slice the starcursed mass!! You headbutt the starcursed mass!
You destroy the starcursed mass!
Trog accepts your kill.
You slash the starcursed mass!
The starcursed mass shudders and is absorbed by its neighbour.
A starcursed mass splits.
A chorus of shrieks assaults your mind.
A starcursed mass splits.
A chorus of shrieks assaults your mind.
* * * LOW HITPOINT WARNING * * *
A small abomination comes into view.
A chorus of shrieks assaults your mind.
* * * LOW HITPOINT WARNING * * *
A chorus of shrieks assaults your mind.
* * * LOW HITPOINT WARNING * * *
Okay, then.
Okay, then.
Okay, then.
Okay, then.
A starcursed mass splits.
A chorus of shrieks assaults your mind.
* * * LOW HITPOINT WARNING * * *
A chorus of shrieks assaults your mind.
* * * LOW HITPOINT WARNING * * *
A large abomination comes into view.
A chorus of shrieks assaults your mind.
You die...

#...#... .###..#
##.
#..###.##.#.#..# .
.###...###....#....
.#.
......#.#X#X..## #
.# #......X.. †# #
#.##..#.X.....#..#
#§.#.#.#.#.#..####
#..#...X# .. #..##
#§§.@###.####.##..#
##...# ### . #..
..# #..#... . #..
x.# #. ..#.. . .
...# ## #. .#. .X#
. . #.#.. .. #...
... #. .... . . . .
#. ...# # #. .# .#
#. #.#. . # . #


You could see 3 starcursed masses and a large abomination.

Vanquished Creatures
  Gastronok (Lair:3)
  A tentacled starspawn (Abyss:1)
  Harold (Lair:2)
  5 hydras
  A boulder beetle (Lair:2)
  A catoblepas (Lair:2)
  A two-headed ogre (D:8)
  Pikel (D:7)
  A large abomination (Abyss:1)
  An ugly thing (D:9)
  4 black mambas
  15 elephants
  A torpor snail (Lair:4)
  Maggie (Lair:2)
  10 cane toads
  A demonic crawler (Lair:3)
  A kobold demonologist (Abyss:1)
  4 komodo dragons
  2 tyrant leeches (Lair:3)
  A hornet (D:8)
  4 raiju (Abyss:1)
  8 blink frogs
  4 dream sheep (Lair:4)
  A starcursed mass (Abyss:1)
  A shadow (D:9)
  3 wyverns
  5 basilisks
  23 yaks
  A steam dragon (Lair:4)
  An acid dragon (D:8)
  23 water moccasins
  Duvessa (D:7)
  4 orc warriors (D:9)
  2 black bears (Lair:4)
  2 ice beasts
  A sky beast (D:5)
  10 centaurs
  4 ogres
  14 wolves
  A phantom (D:4)
  A lemure (D:7)
  13 bullfrogs
  4 kobold brigands
  Blork the orc (D:5)
  4 gnoll sergeants
  9 scorpions
  2 wyvern skeletons
  Dowan (D:7)
  5 killer bees
  A howler monkey (D:5)
  2 centaur zombies
  A bullfrog zombie (D:4)
  4 jellies (Lair:5)
  3 hounds
  A bullfrog skeleton (D:6)
  2 orc priests
  2 gnoll shamans (D:6)
  3 iguanas
  2 orc wizards
  9 adders
  A howler monkey skeleton (D:7)
  15 gnolls
  A shadow imp (D:6)
  4 white imps
  An adder skeleton (D:4)
  2 worms
  A dart slug (D:1)
  19 orcs
  5 endoplasms
  7 giant cockroaches
  4 hobgoblins
  6 jackals (D:3)
  30 kobolds
  3 quokkas
  6 ball pythons
  8 bats
  4 frilled lizards
  7 goblins
  5 rats
  A spectral kobold (D:6)
367 creatures vanquished.

Vanquished Creatures (others)
  20 fungi
  71 plants
  A withered plant (D:1)
92 creatures vanquished.

Grand Total: 459 creatures vanquished

Notes
Turn   | Place    | Note
-------+----------+-------------------------------------------
     0 | D:1      | shadowrider38 the Minotaur Berserker began the quest for
                  | the Orb.
     0 | D:1      | Reached XP level 1. HP: 19/19 MP: 0/0
   182 | D:1      | Found a faded altar of an unknown god.
   443 | D:1      | Reached skill level 4 in Axes
   456 | D:1      | Reached XP level 2. HP: 26/27 MP: 1/1
   888 | D:2      | Reached XP level 3. HP: 33/33 MP: 2/2
  1285 | D:2      | Reached ** piety under Trog
  1521 | D:3      | Reached XP level 4. HP: 41/41 MP: 3/3
  1810 | D:2      | Reached skill level 5 in Axes
  2117 | D:3      | Noticed a bullfrog
  2124 | D:3      | Killed a bullfrog
  2125 | D:3      | Reached XP level 5. HP: 31/47 MP: 4/4
  2552 | D:3      | Found a broken altar of Ashenzari.
  2701 | D:4      | Noticed a phantom
  2730 | D:4      | Killed a phantom
  2731 | D:4      | Reached XP level 6. HP: 46/55 MP: 5/5
  3110 | D:4      | Reached skill level 5 in Fighting
  3110 | D:4      | Reached skill level 6 in Axes
  3330 | D:4      | Reached skill level 1 in Stealth
  3331 | D:4      | Reached *** piety under Trog
  3551 | D:4      | Reached skill level 7 in Axes
  3588 | D:4      | Reached XP level 7. HP: 61/61 MP: 6/6
  3679 | D:4      | Found a bloodstained altar of Trog.
  3686 | D:4      | Found an ancient bone altar of Kikubaaqudgha.
  3734 | D:5      | Entered Level 5 of the Dungeon
  3888 | D:5      | Reached skill level 8 in Axes
  4208 | D:5      | Noticed Blork the orc
  4219 | D:5      | Killed Blork the orc
  4374 | D:5      | Found Ruent's Jewellery Emporium.
  4378 | D:5      | Reached skill level 9 in Axes
  4734 | D:6      | Reached XP level 8. HP: 55/68 MP: 7/7
  4737 | D:6      | Reached skill level 10 in Axes
  5038 | D:6      | Found a staircase to the Ecumenical Temple.
  5050 | D:6      | Reached **** piety under Trog
  5339 | D:6      | Found a sparkling altar of Nemelex Xobeh.
  5402 | D:6      | Found a glowing silver altar of Zin.
  5467 | D:6      | Reached skill level 11 in Axes
  5731 | D:6      | Found a hazy altar of Hepliaklqana.
  5860 | D:7      | Reached skill level 12 in Axes
  5968 | D:7      | Reached skill level 5 in Armour
  6130 | D:7      | Noticed Pikel
  6174 | D:7      | Killed Pikel
  6175 | D:7      | Reached XP level 9. HP: 62/74 MP: 6/8
  6365 | D:7      | Noticed Dowan
  6366 | D:7      | Noticed Duvessa
  6375 | D:7      | Found a white marble altar of Elyvilon.
  6434 | D:7      | Killed Dowan
  6500 | D:7      | Killed Duvessa
  7069 | D:8      | Reached ***** piety under Trog
  7070 | D:8      | Reached skill level 10 in Armour
  7144 | D:8      | Noticed a two-headed ogre
  7154 | D:8      | Killed a two-headed ogre
  7397 | D:8      | Reached XP level 10. HP: 64/83 MP: 5/9
  8257 | D:9      | Reached skill level 1 in Shields
  8430 | D:9      | Found a staircase to the Lair.
  8578 | D:9      | Reached skill level 10 in Fighting
  8784 | D:9      | Found an iron altar of Okawaru.
  8836 | D:9      | Found a staircase to the Orcish Mines.
  9186 | D:9      | Noticed a purple ugly thing
  9194 | D:9      | Killed a purple ugly thing
  9195 | D:9      | Reached XP level 11. HP: 101/102 MP: 10/10
  9592 | Lair:1   | Entered Level 1 of the Lair of Beasts
  9627 | Lair:1   | Reached skill level 5 in Dodging
 10383 | Lair:1   | Reached skill level 13 in Axes
 10866 | Lair:2   | Noticed Maggie
 10875 | Lair:2   | Killed Maggie
 10932 | Lair:2   | Noticed a boulder beetle
 10959 | Lair:2   | Killed a boulder beetle
 11094 | Lair:2   | Noticed a six-headed hydra
 11103 | Lair:2   | Killed a two-headed hydra
 11104 | Lair:2   | Reached skill level 14 in Axes
 11249 | Lair:2   | Noticed a catoblepas
 11288 | Lair:2   | Killed a catoblepas
 11297 | Lair:2   | Reached skill level 15 in Axes
 11306 | Lair:2   | Received a gift from Trog
 11323 | Lair:2   | Reached XP level 12. HP: 108/110 MP: 11/11
 11364 | Lair:2   | Identified the +8 arbalest "Ytiumippay" {penet, rElec rPois
                  | Str-3}
 11379 | Lair:2   | Noticed an eight-headed hydra
 11389 | Lair:2   | Killed a six-headed hydra
 11730 | Lair:2   | Reached skill level 16 in Axes
 12148 | Lair:2   | Noticed Harold
 12164 | Lair:2   | Killed Harold
 12838 | Lair:3   | Found a bloodstained altar of Trog.
 13130 | Lair:3   | Reached skill level 17 in Axes
 13245 | Lair:3   | Found a hole to the Spider Nest.
 13253 | Lair:3   | Noticed Gastronok
 13394 | Lair:3   | Killed Gastronok
 13566 | Lair:3   | Reached skill level 18 in Axes
 13834 | Lair:3   | Found a staircase to the Swamp.
 13855 | Lair:3   | Received a gift from Trog
 14299 | Lair:4   | Noticed a six-headed hydra
 14306 | Lair:4   | Killed a three-headed hydra
 14309 | Lair:4   | Reached XP level 13. HP: 100/116 MP: 4/12
 14459 | Lair:4   | Identified the +4 long sword of the Harvest {vorpal, rPois
                  | rF+ Dex+2}
 14490 | Lair:4   | Reached skill level 19 in Axes
 15772 | Lair:5   | Found a staircase to the Slime Pits.
 16070 | Lair:5   | Reached skill level 20 in Axes
 16079 | Lair:5   | Received a gift from Trog
 16243 | Lair:5   | Noticed Sonja
 16258 | Lair:5   | Cast into level 1 of the Abyss (Sonja)
 16284 | Abyss:1  | Noticed a tentacled starspawn
 16290 | Abyss:1  | Killed a tentacled starspawn
 16470 | Abyss:1  | Noticed a starcursed mass
 16486 | Abyss:1  | HP: 4/116 [starcursed mass/accursed screaming (9)]
 16487 | Abyss:1  | Killed from afar by a starcursed mass

Illustrated notes

Levels and vault maps discovered:
D:1:      wander_arrival_chamber, layout_basic,
          ebering_ecumenical_altar_petrified
D:2:      layout_basic
D:3:      layout_rooms, lemuel_round_altar, kennysheep_potato
D:4:      minmay_chambers_of_threes, layout_loops_ring,
          mainiacjoe_overflow_big_doors, minmay_circle_x
D:5:      layout_gridville, serial_shops, nicolae_lakefront_shop,
          uniq_blork_the_orc
D:6:      layout_basic, nemelex_altar_shiori, zin_statuary,
          nicolae_hepliaklqana_monster_ancestors, minmay_temple_entry_waves,
          minmay_checkerbox
D:7:      layout_rooms, nicolae_overflow_crystal_walls, uniq_duvessa, uniq_pikel
D:8:      layout_loops_ring, hangedman_abyss_or_decor_lesser_grid
D:9:      layout_roguey, okawaru_trees_1, minmay_lair_entry_grove,
          kennysheep_orc_monster_closet_entryway
Lair:1:   layout_cave_pods
Lair:2:   nzn_winding_woodlands_cross [nzn_winding_woodlands_5x15_cabin,
          nzn_winding_woodlands_5x15_zeroes,
          nzn_winding_woodlands_5x15_lazy_stream,
          nzn_winding_woodlands_5x15_river_crossing,
          nzn_winding_woodlands_15x15_five_gardens], layout_cave_shapes,
          grunt_forest_small_clearings, serial_bayou_pond_b, uniq_maggie,
          uniq_harold
Lair:3:   layout_roguey, minmay_swamp_entry_worms,
          nicolae_spider_entry_non_spiders, lemuel_centaur_altar, uniq_gastronok
Lair:4:   layout_layer_cave, gauntlet_entry_generic
Lair:5:   dragon1_lemuel, layout_cave_pods, minmay_slime_entry_pillars,
          serial_bayou_shore_b, lemuel_fruit_fields, lemuel_fruit_tree,
          serial_bayou_shore_a, serial_bayou_shore_b, uniq_sonja
Abyss:1:  base:
D:7

Skill      XL: |  1  2  3  4  5  6  7  8  9 10 11 12 13 |
---------------+----------------------------------------+-----
Axes           | 4 5 7 9 12 15 18 20 | 20.7
Fighting       | 4 5 11 | 11.6
Armour         | 3 4 7 11 | 11.4
Dodging        | 3 6 |  6.2
Stealth        | 1 |  1.0
Shields        | 3 |  3.1

Action                   |  1- 3 |  4- 6 |  7- 9 | 10-12 | 13-15 || total
-------------------------+-------+-------+-------+-------+-------++-------
Melee: Hand axe          |    75 |   110 |   352 |   247 |       ||   784
       Headbutt          |     7 |    26 |    87 |   155 |    44 ||   319
       Battleaxe         |       |       |       |   203 |       ||   203
       Glaive            |       |       |       |    10 |    11 ||    21
       Broad axe         |       |       |       |   171 |       ||   171
       Executioner's axe |       |       |       |    22 |   119 ||   141
Invok: Berserk           |       |       |       |     6 |     1 ||     7
       Trog's Hand       |       |       |       |     4 |       ||     4
  Use: Scroll            |       |       |     6 |     2 |     1 ||     9
       Potion            |       |       |     1 |       |       ||     1
 Stab: Sleeping          |     1 |       |       |       |       ||     1
       Petrified         |       |       |       |     4 |       ||     4
       Petrifying        |       |       |       |     2 |       ||     2
Armor: Animal skin       |    14 |       |       |       |       ||    14
       Ring mail         |     5 |    41 |    58 |       |       ||   104
       Plate armour      |       |       |    90 |   306 |   107 ||   503
Dodge: Dodged            |    64 |    78 |   198 |   365 |    89 ||   794
Block: Buckler           |       |       |       |    29 |       ||    29
